Map: Iron Fortress LE (Void)

Players

Doraemon

  • Race: Terran Terran

Shamanas - Winner!

  • Race: Terran Terran

VOD

Have the link to the VOD?

Description

Time

  • Played on: May 3, 2015, 9:04 a.m.
  • Length: 12:22
Show
View Real Time Build Order
Export as new Build Order

Doraemon Terran 

Build Orders: Reaper Expand, Siege Tank Drop 

Get SALT Encoding   

  12  0:02  SCV  
  14  0:14  SCV  
  14  0:18  Supply Depot  
  14  0:26  SCV  
  14  0:28  Refinery  
  15  0:39  SCV  
  16  0:45  Barracks  
  16  0:53  SCV  
  17  1:05  SCV  
  18  1:17  SCV  
  19  1:29  SCV  
  20  1:33  Reaper  
  20  1:34  Supply Depot  
  21  1:41  Orbital Command  
  21  2:00  Command Center  
  21  2:07  Factory  
  21  2:09  Marine  
  21  2:12  SCV  
  23  2:18  Refinery  
  23  2:28  Barracks Reactor  
  23  2:29  SCV  
  24  2:41  SCV  
  25  2:53  SCV, Starport  
  25  2:54  Factory Tech Lab  
  26  3:05  SCV  
  27  3:09  Marine  
  28  3:13  Supply Depot  
  28  3:14  Siege Tank  
  28  3:17  SCV  
  28  3:19  Orbital Command  
  32  3:22  Marine  
  33  3:27  Marine  
  33  3:29  SCV  
  35  3:36  Supply Depot  
  35  3:40  Marine  
  36  3:41  SCV  
  36  3:44  Medivac  
  36  3:45  Marine  
  40  3:49  SCV  
  40  3:56  SCV  
  40  4:01  SCV  
  42  4:08  SCV, Siege Tank, Marine x2  
  48  4:13  SCV  
  49  4:26  SCV  
  49  4:27  Viking  
  49  4:28  Marine x2  
  49  4:29  SCV  
  55  4:38  SCV  
  55  4:40  Command Center, Siege Tank  
  59  4:48  SCV  
  59  4:50  SCV  
  58  5:06  SCV  
  53  5:18  SCV  
  52  5:23  Engineering Bay  
  52  5:25  Engineering Bay  
  52  5:26  Viking  
  52  5:27  Armory, Siege Tank, Marine x2  
  59  5:29  Supply Depot  
  59  5:31  SCV, Barracks  
  59  5:32  Barracks  
  59  5:35  SCV  
  61  5:36  Barracks  
  61  5:37  Refinery  
  61  5:39  Refinery  
  61  5:43  SCV, Bunker  
  61  5:47  Missile Turret  
  62  5:50  Missile Turret, Marine  
  62  5:51  SCV  
  62  5:52  Missile Turret  
  62  5:55  Orbital Command  
  62  5:56  SCV  
  65  5:58  Starport Reactor  
  65  6:04  Marine  
  65  6:11  SCV x2  
  68  6:14  Marine  
  68  6:15  Siege Tank  
  72  6:23  SCV x2  
  72  6:25  Barracks Tech Lab x2  
  74  6:30  Barracks Reactor  
  74  6:35  SCV  
  74  6:38  SCV  
  76  6:41  Marine  
  77  6:47  Widow Mine  
  77  6:48  Marine x3  
  77  6:50  Stimpack  
  82  6:58  SCV  
  60  7:26  Marine x2  
  60  7:27  SCV, Marine  
  61  7:35  Marine x2  
  61  7:36  Marine, Siege Tank, Medivac  
  69  7:38  Orbital Command  
  69  7:40  SCV  
  70  7:46  SCV  
  71  7:52  Marine  
  71  7:53  SCV, Marauder, Marine x2  
  71  7:57  Supply Depot  
  71  7:58  Supply Depot  
  76  8:00  SCV  
  76  8:03  Command Center  
  77  8:07  SCV x2  
  77  8:12  SCV, Marine  
  79  8:13  Reaper, Marine x2  
  79  8:15  Command Center  
  74  8:20  Refinery  
  74  8:21  Refinery  
  69  8:50  Marine x4  
  69  8:51  Siege Tank, Marauder x2  
  69  8:53  SCV  
  78  9:04  Orbital Command  
  78  9:08  Marine x3  
  76  9:12  Marauder x2  
  76  9:14  Marine  
  81  9:23  Widow Mine  
  79  9:26  Reaper  
  79  9:30  Marine  
  81  9:31  SCV  
  81  9:33  Marauder  
  81  9:34  Marauder  
  81  9:35  SCV  
  81  9:36  SCV  
  88  9:44  SCV  
  89  9:51  SCV  
  90  9:57  Refinery  
  90  9:58  Refinery  
  90  10:05  Missile Turret  
  85  10:09  SCV x2, Missile Turret  
  84  10:37  SCV x2  
  84  10:51  SCV  
  84  10:52  Marauder x2, Marine x3  
  84  10:53  Reaper, Siege Tank, Medivac x2  
  84  10:54  SCV  
  95  10:57  Supply Depot  
  95  10:58  Supply Depot  
  95  10:59  Planetary Fortress  
  95  11:01  SCV  
  95  11:03  SCV  
  97  11:06  SCV  
  97  11:09  Marine  
  99  11:13  Marauder, Marine x2  
  99  11:14  Marauder  
  99  11:17  Command Center  
  105  11:23  Medivac  
  107  11:25  Marine  
  107  11:29  SCV  
  109  11:35  Marauder x2  
  113  11:41  Reaper, Marine, SCV, Medivac  
  113  11:42  SCV  
  113  11:44  Missile Turret  
  81  11:58  Marine x3  
  81  11:59  Marine x2  
  78  12:01  SCV  
  78  12:06  SCV x2  
Show
View Real Time Build Order
Export as new Build Order

Shamanas Terran - Winner!

Build Orders: Reaper Expand, Mech 

Get SALT Encoding   

  12  0:02  SCV  
  13  0:14  SCV  
  14  0:18  Supply Depot  
  14  0:26  SCV  
  15  0:39  SCV  
  15  0:40  Barracks  
  16  0:49  Refinery  
  16  0:51  SCV  
  17  1:04  SCV  
  18  1:16  SCV  
  19  1:34  Orbital Command  
  19  1:35  Reaper  
  20  1:46  Command Center  
  20  1:57  Supply Depot  
  20  2:01  SCV  
  21  2:08  Marine  
  21  2:11  Factory  
  22  2:16  SCV  
  23  2:27  Barracks Reactor  
  23  2:28  SCV  
  24  2:30  Refinery  
  24  2:40  SCV  
  25  2:44  Supply Depot  
  25  2:52  SCV  
  25  2:57  Factory Tech Lab  
  26  2:59  Orbital Command  
  26  3:09  SCV  
  26  3:11  Marine x2  
  29  3:17  Starport  
  29  3:21  SCV, Refinery  
  29  3:24  Missile Turret  
  29  3:26  SCV, Missile Turret  
  31  3:30  Marine  
  31  3:33  SCV  
  33  3:36  Siege Tank  
  36  3:47  SCV x2  
  38  3:48  Marine x2  
  40  3:56  Viking  
  40  3:59  SCV  
  40  4:00  SCV  
  44  4:06  Marine x2  
  44  4:09  Factory  
  46  4:11  SCV  
  46  4:14  SCV  
  48  4:17  Cyclone  
  48  4:23  Supply Depot, SCV  
  52  4:26  SCV  
  52  4:28  Starport Tech Lab  
  53  4:35  SCV  
  53  4:38  Refinery  
  54  4:44  SCV  
  55  4:45  Armory  
  55  4:47  Armory, SCV  
  56  4:56  SCV  
  49  5:03  SCV  
  50  5:08  SCV  
  50  5:11  Siege Tank  
  54  5:16  Factory  
  54  5:17  SCV  
  53  5:24  Hellion x2  
  53  5:27  SCV  
  58  5:28  Banshee  
  58  5:34  Command Center, Supply Depot  
  61  5:35  Supply Depot  
  61  5:40  SCV, Cloaking Field  
  62  5:53  Missile Turret  
  62  5:54  Terran Vehicle And Ship Armor Level 1, Terran Vehicle and Ship Weapons Level 1, Supply Depot  
  62  5:55  SCV x2, Hellbat x2  
  68  6:07  SCV  
  68  6:08  Factory Reactor  
  68  6:09  Siege Tank  
  72  6:17  Refinery, Hellbat x2  
  76  6:20  SCV  
  76  6:22  Refinery  
  76  6:24  Banshee  
  80  6:33  SCV x2  
  82  6:41  Hellbat  
  82  6:42  Hellion  
  86  6:48  SCV, Missile Turret  
  86  6:49  SCV, Missile Turret x2, Orbital Command  
  88  7:02  SCV x2  
  88  7:08  Hellion, Siege Tank, Hellbat x3  
  101  7:22  SCV x3  
  91  7:29  Hellbat  
  90  7:33  Starport  
  90  7:34  SCV x3  
  90  7:35  Starport  
  90  7:36  Starport  
  90  7:41  Thor  
  90  7:42  Hellion, Hellbat  
  100  7:46  SCV  
  100  7:47  Supply Depot  
  101  7:56  Hellbat  
  101  7:57  Terran Vehicle and Ship Weapons Level 2  
  101  7:58  Terran Vehicle And Ship Armor Level 2  
  101  8:02  Supply Depot  
  101  8:08  Banshee, SCV  
  105  8:19  Hellion, Hellbat x2  
  109  8:20  Hellion, Starport Tech Lab x2, Starport Reactor  
  107  8:31  Fusion Core  
  107  8:48  SCV x3  
  110  8:53  Hellion x3  
  114  8:55  Hellbat x2  
  114  8:56  Hellbat  
  114  9:00  SCV  
  117  9:03  Viking  
  117  9:05  Viking  
  117  9:10  Viking, Hellbat  
  117  9:19  Command Center  
  117  9:21  Banshee, Refinery  
  117  9:23  Banshee  
  117  9:25  SCV x2, Refinery  
  117  9:27  Missile Turret  
  117  9:28  Missile Turret  
  117  9:31  Hyperflight Rotors  
  117  9:32  Supply Depot x3  
  117  9:35  SCV  
  117  9:36  Hellion  
  117  9:39  Supply Depot  
  117  9:40  Supply Depot  
  117  9:53  Thor, Viking  
  117  9:54  Banshee, Hellion, Hellbat x2  
  135  10:00  SCV x2  
  135  10:04  Banshee  
  135  10:06  Engineering Bay  
  136  10:14  Banshee  
  131  10:25  Hellion  
  131  10:35  Planetary Fortress  
  131  10:36  SCV x2  
  131  10:37  Battlecruiser  
  131  10:42  Siege Tank  
  142  10:43  Hellbat x2  
  142  10:44  Hellbat  
  142  10:47  Battlecruiser  
  154  10:52  Hellion x5  
  154  11:01  Viking  
  154  11:02  Viking  
  155  11:18  Thor, Hellbat x4  
  163  11:21  SCV x3  
  170  11:35  Viking  
  170  11:37  Command Center  
  170  11:39  Supply Depot, Viking  
  172  11:40  Supply Depot  
  168  11:49  Supply Depot  
  168  11:51  Supply Depot  
  168  11:52  Supply Depot  
  162  12:01  Hellbat x3  
Tags
 
Add a new tag
Caveats
  • Supply blocks, unpowered buildings, or Contaminate may cause inaccurate times.
  • Supply counts are checked every 10 seconds.